 Dungeon Crawl Stone Soup version 0.18-a0-1035-g72c9994 (webtiles) character file.

4235 Duffy the Destroyer (level 10, 50/50 HPs)
             Began as a Gargoyle Fire Elementalist on Jan 9, 2016.
             Was a Follower of Vehumet.
             Quit the game on level 8 of the Dungeon.
             The game lasted 00:11:05 (10390 turns).

Duffy the Destroyer (Gargoyle Fire Elementalist)   Turns: 10390, Time: 00:11:05

Health: 50/50      AC: 11    Str: 12    XL:     10   Next: 30%
Magic:  18/18      EV: 13    Int: 21    God:    Vehumet [*.....]
Gold:   436        SH:  0    Dex: 10    Spells: 4 memorised, 10 levels left

rFire  . . .     SeeInvis .     k - +1 spear (freeze)
rCold  . . .     Gourm    .     a - +0 robe
rNeg   + . .     Faith    .     (no shield)
rPois  ∞         Spirit   .     t - +0 helmet
rElec  +         Dismiss  .     s - +0 cloak
rCorr  .         Reflect  .     (no gloves)
SustAt .         Harm     .     (no boots)
MR     .....                    (no amulet)
Stlth  ++........               M - +1 ring of evasion
                                x - ring of wizardry

@: not resistant to hostile enchantments, unstealthy
A: blurry vision 1, clever 1, deterioration 1, low mp 1, negative energy
resistance 1, electricity resistance, unbreathing, petrification resistance, rot
immunity, AC +7
a: Renounce Religion


You were on level 8 of the Dungeon.
You worshipped Vehumet.
Vehumet was aware of your devotion.
You were not hungry.

You visited 2 branches of the dungeon, and saw 10 of its levels.

You collected 436 gold pieces.


Innate Abilities, Weirdness & Mutations

You are resistant to torment.
Your stone body is resilient (AC +7).
You are immune to poison.
You resist negative energy.
You are resistant to electric shocks.
You can survive without breathing.
You are immune to petrification.
You are immune to rotting.
Scrolls take you a little longer to read.
Your mind is acute. (Int +2)
Your body sometimes deteriorates upon taking damage.
Your magical capacity is low (-10% MP).


   Skills:
 - Level 1.5 Dodging
 - Level 2.5 Stealth
 - Level 7.1 Spellcasting
 + Level 10.1 Conjurations
 + Level 9.1 Fire Magic


You had 10 spell levels left.
You knew the following spells:

 Your Spells              Type           Power        Failure   Level  Hunger
a - Flame Tongue          Conj/Fire      #####        1%          1    None
j - Sticky Flame          Conj/Fire      #####...     1%          4    ###....
k - Fireball              Conj/Fire      #####.....   2%          5    #####..
l - Conjure Flame         Conj/Fire      #####...     1%          3    #......

Inventory:

Hand Weapons
 k - a +1 spear of freezing (weapon)
Missiles
 w - 29 poisoned needles
 N - 2 throwing nets (quivered)
Armour
 a - a +0 robe (worn)
 s - a +0 cloak (worn)
 t - a +0 helmet (worn)
Magical Staves
 y - an uncursed staff of poison
Jewellery
 x - a ring of wizardry (left hand)
 K - an uncursed ring of protection from fire
 M - a +1 ring of evasion (right hand)
Wands
 z - a wand of enslavement (10/24)
 C - a wand of digging (19/24)
Scrolls
 d - a scroll of blinking {unknown}
 e - 4 scrolls of identify {unknown}
 f - 3 scrolls of noise {unknown}
 g - 6 scrolls of remove curse {unknown}
 i - 3 scrolls of magic mapping {unknown}
 l - 3 scrolls of fear {unknown}
 p - a scroll of immolation {unknown}
 q - 3 scrolls of teleportation {unknown}
 u - 4 scrolls of enchant weapon {unknown}
 E - a scroll of fog {unknown}
 G - 4 scrolls of enchant armour {unknown}
 H - a scroll of random uselessness {unknown}
Potions
 h - 2 potions of haste {unknown}
 m - a potion of might {unknown}
 n - 4 potions of curing {unknown}
 v - a potion of degeneration {unknown}
 A - 5 potions of heal wounds {unknown}
 B - a potion of mutation {unknown}
 I - a potion of cure mutation {unknown}
Books
 b - a book of Flames
 F - a Necronomicon
Comestibles
 c - 9 bread rations
 j - a royal jelly
 o - 3 meat rations
 r - 2 beef jerkies
 D - a slice of pizza
 J - a fruit

Dungeon Overview and Level Annotations

Branches:
Dungeon (9/15)             Temple (1/1) D:6
   Lair: D:8-11         Orc: D:9-12

Altars:
Ashenzari
Cheibriados
Dithmenos
Elyvilon
Fedhas
Gozag
Kikubaaqudgha
Makhleb
Nemelex Xobeh
Okawaru
Pakellas
Qazlal
Ru
Trog
Vehumet
Xom
Yredelemnul
Zin
The Shining One

Annotations:
D:7 1 exclusion


Message History

The sticky flame hits the sky beast.
The sky beast is moderately wounded.
The sky beast is covered in liquid flames!
You are feeling hungry.
The sky beast burns!
The sky beast barely misses you.
You hit the sky beast. You freeze the sky beast.
The sky beast is severely wounded.
The sky beast burns! x2
You kill the sky beast!
Vehumet accepts your kill.
You feel your power returning.
No target in view!
No target in view!
You see here 2 throwing nets.
N - 2 throwing nets You see here a sky beast corpse.
You butcher the sky beast corpse.
You see here 4 mutagenic chunks of flesh.
O - 4 mutagenic chunks of flesh Eating a chunk of flesh.
This raw flesh tastes terrible.
You continue eating. x2
Eat which item? (? for menu, Esc to quit)
This meat tastes really weird.
Your vision blurs.
There's nothing to open nearby.
Eat which item? (? for menu, Esc to quit)
This meat tastes really weird.
You feel clever.
Eat which item? (? for menu, Esc to quit)
This meat tastes really weird.
You feel yourself wasting away.
Eat which item? (? for menu, Esc to quit)
This meat tastes really weird.
You feel less energetic.
Are you sure you want to abandon this character and quit the game? (Confirm with "yes".)

######### #####
##############.......###....
#...........##.#####.<##....
#..................#..##....
#...........##.###.#..#.....
#....<......##... #..#.....
#...........###### #..#.#...
#.......>..@# #..#.####
#...........# #####..#.# #
#...........# #......#.####
############# #............
#.##.(.......
#####.##.........
#....>...........
#..............(.
#######................


There were no monsters in sight!

Action                   |  1- 3 |  4- 6 |  7- 9 | 10-12 || total
-------------------------+-------+-------+-------+-------++-------
Melee: Spear             |    34 |   131 |   210 |    21 ||   396
 Cast: Flame Tongue      |    22 |    25 |   136 |    45 ||   228
       Conjure Flame     |       |     1 |     5 |     3 ||     9
       Sticky Flame      |       |     4 |    14 |     1 ||    19
 Stab: Sleeping          |       |     1 |     5 |       ||     6
  Eat: Chunk             |     1 |    10 |    18 |     7 ||    36
       Fruit             |       |       |       |     2 ||     2

Notes
Turn   | Place    | Note
--------------------------------------------------------------
     0 | D:1      | Duffy the Gargoyle Fire Elementalist began the quest for the Orb.
     0 | D:1      | Reached XP level 1. HP: 10/10 MP: 3/3
   424 | D:1      | Reached XP level 2. HP: 15/15 MP: 3/5
   600 | D:1      | Reached skill level 2 in Conjurations
  1150 | D:2      | Reached XP level 3. HP: 17/19 MP: 6/6
  1162 | D:2      | Found a snail-covered altar of Cheibriados.
  1162 | D:2      | Found a sacrificial altar of Ru.
  1178 | D:2      | Reached skill level 3 in Conjurations
  1337 | D:2      | Reached XP level 4. HP: 11/24 MP: 0/7
  1346 | D:2      | Learned a level 3 spell: Conjure Flame
  1717 | D:2      | Found a bloodstained altar of Trog.
  1903 | D:2      | Noticed Crazy Yiuf
  1909 | D:2      | Killed Crazy Yiuf
  2072 | D:2      | Noticed Natasha
  2076 | D:2      | Killed Natasha
  2076 | D:2      | Reached XP level 5. HP: 23/28 MP: 6/9
  2205 | D:2      | Learned a level 4 spell: Sticky Flame
  2416 | D:2      | Found an ancient bone altar of Kikubaaqudgha.
  2833 | D:3      | Found an oddly glowing altar of Pakellas.
  3112 | D:3      | Noticed Ijyb
  3175 | D:3      | Killed Ijyb
  3175 | D:3      | Reached skill level 3 in Spellcasting
  3218 | D:3      | Found a bloodstained altar of Trog.
  3431 | D:3      | Reached skill level 4 in Conjurations
  3431 | D:3      | Reached skill level 4 in Fire Magic
  3489 | D:4      | Noticed Duvessa
  3489 | D:4      | Noticed Dowan
  3495 | D:4      | Killed Duvessa
  3495 | D:4      | Reached XP level 6. HP: 28/32 MP: 5/10
  3497 | D:4      | Killed Dowan
  3915 | D:3      | Reached skill level 5 in Conjurations
  3973 | D:4      | Reached skill level 5 in Fire Magic
  3973 | D:4      | Reached XP level 7. HP: 36/36 MP: 5/12
  4714 | D:5      | Entered Level 5 of the Dungeon
  4730 | D:5      | Noticed Sigmund
  4743 | D:5      | Killed Sigmund
  4743 | D:5      | Reached skill level 4 in Spellcasting
  4747 | D:5      | Noticed Blork the orc
  4759 | D:5      | Killed Blork the orc
  4759 | D:5      | Reached skill level 5 in Spellcasting
  4910 | D:5      | Found a shattered altar of Ashenzari.
  4956 | D:5      | Reached XP level 8. HP: 41/41 MP: 10/15
  5066 | D:5      | Found a glowing golden altar of the Shining One.
  5258 | D:5      | Noticed Eustachio
  5271 | D:5      | Killed Eustachio
  5271 | D:5      | Reached skill level 6 in Conjurations
  5421 | D:5      | Found a basalt altar of Yredelemnul.
  5593 | D:5      | Noticed an angel
  5634 | D:6      | Reached skill level 6 in Fire Magic
  5799 | D:6      | Found a staircase to the Ecumenical Temple.
  5808 | Temple   | Entered the Ecumenical Temple
  5950 | Temple   | Became a worshipper of Vehumet
  6565 | D:6      | Found a glowing silver altar of Zin.
  6620 | D:6      | Found a sparkling altar of Nemelex Xobeh.
  7277 | D:7      | Reached skill level 7 in Conjurations
  7399 | D:7      | Noticed Prince Ribbit
  7410 | D:7      | Killed Prince Ribbit
  7410 | D:7      | Reached skill level 6 in Spellcasting
  7410 | D:7      | Reached skill level 7 in Fire Magic
  7410 | D:7      | Reached XP level 9. HP: 26/45 MP: 12/18
  7586 | D:7      | Found a white marble altar of Elyvilon.
  8066 | D:7      | Reached skill level 8 in Conjurations
  8626 | D:8      | Reached skill level 8 in Fire Magic
  8783 | D:8      | Reached * piety under Vehumet
  8783 | D:8      | Offered knowledge of Sting by Vehumet.
  8948 | D:8      | Reached skill level 9 in Conjurations
  9328 | D:8      | Reached XP level 10. HP: 48/50 MP: 14/20
  9519 | D:8      | Found a stormy altar of Qazlal.
  9521 | D:8      | Noticed cireshan's ghost (novice HECj)
  9751 | D:8      | Killed cireshan's ghost
  9751 | D:8      | Reached skill level 7 in Spellcasting
  9751 | D:8      | Reached skill level 9 in Fire Magic
 10056 | D:8      | Learned a level 5 spell: Fireball
 10081 | D:8      | Reached skill level 10 in Conjurations
 10386 | D:8      | Gained mutation: Scrolls take you a little longer to read. [mutagenic meat]
 10387 | D:8      | Gained mutation: Your mind is acute. (Int +2) [mutagenic meat]
 10388 | D:8      | Gained mutation: Your body sometimes deteriorates upon taking damage. [mutagenic meat]
 10389 | D:8      | Gained mutation: Your magical capacity is low (-10% MP). [mutagenic meat]
 10390 | D:8      | Quit the game

Vault maps used:
D:1:      roderic_octagonal_star, serial_forest, infiniplex_forest_corner_2,
          infiniplex_forest_clump_medium, infiniplex_forest_straight_4,
          infiniplex_forest_lined_corner, infiniplex_forest_straight_2,
          corexii_corridor_pit
D:2:      nicolae_overflow_crystal_walls, nicolae_overflow_hidden_temple,
          gammafunk_temple_overflow_pools, uniq_crazy_yiuf_cottage, uniq_natasha
D:3:      old_standard_altar, trog_book, uniq_iyjb
D:4:      first_bread, uniq_duvessa
D:5:      grunt_temple_overflow_holy_war, cheibrodos_ashenzari_chains,
          kennysheep_cross_bottleneck, uniq_blork_the_orc, uniq_eustachio,
          uniq_sigmund
D:6:      nemelex_deck, kennysheep_mini_moat, minmay_temple_entry_junction,
          kennysheep_windowed_goal
D:7:      kennysheep_windowed_halls, lemuel_statue_altar, uniq_prince_ribbit1
D:8:      boulder_indie, nicolae_qazlal_general_emergency
D:9:      lemuel_blue_sif_altar, grunt_ministairs_1
Temple:   minmay_temple_curvy_8

Vanquished Creatures
  The ghost of cireshan the Destroyer, a novice HECj Prince Ribbit Sigmund Eustachio
  A hungry ghost
  A hippogriff Duvessa
  A water moccasin
  2 orc warriors
  3 ice beasts
  3 sky beasts
  2 ogres
  7 centaurs Blork the orc
  A giant frog Dowan
  2 scorpions
  3 killer bees
  A crimson imp
  4 orc priests
  A wasp zombie
  2 hounds
  9 orc wizards Crazy Yiuf
  An iguana Ijyb Natasha
  4 worker ants
  2 hound skeletons
  7 gnolls
  12 adders
  A shadow imp
  An ooze
  3 worms
  3 giant geckos
  23 orcs
  7 bats
  3 giant cockroaches
  6 hobgoblins
  2 kobolds
  9 quokkas
  A giant gecko zombie
  3 giant newts
  4 goblins
  A quokka skeleton
  5 rats
151 creatures vanquished.
